 Dungeon Crawl Stone Soup version 0.30-a0-808-g6e0788376e (webtiles) character file.

Game seed: 18096025497544546101

1768 porpoise the Sneak (level 9, -3/65 HPs)
             Began as a Gnoll Enchanter on Feb 27, 2023.
             Was an Initiate of Dithmenos.
             Slain by a steam dragon (8 damage)
             ... on level 7 of the Dungeon.
             The game lasted 00:28:18 (6721 turns).

porpoise the Sneak (Gnoll Enchanter)                Turns: 6721, Time: 00:28:18

Health: -3/65      AC:  4    Str:  7    XL:     9   Next: 7%
Magic:  17/18      EV: 14    Int: 18    God:    Dithmenos [......]
Gold:   172        SH:  5    Dex: 14    Spells: 10/21 levels left

rFire   . . .      SeeInvis +    a - +0 short sword (venom)
rCold   . . .      Faith    .    b - +0 buckler
rNeg    . . .      Spirit   .    k - +1 robe {Archmagi}
rPois   .          Reflect  .    (no helmet)
rElec   .          Harm     .    E - scarf {+Inv}
rCorr   .          Rampage  .    (no gloves)
Will    +....      Archmagi +    h - +0 pair of boots
Stlth   ++++                     (no amulet)
HPRegen 0.30/turn                y - ring of willpower
MPRegen 0.16/turn                t - ring of see invisible

@: no status effects
A: fangs 1, strong nose, distributed training
a: Renounce Religion, Evoke Invisibility


You were on level 7 of the Dungeon.
You worshipped Dithmenos.
Dithmenos was noncommittal.
You visited 2 branches of the dungeon, and saw 8 of its levels.

You collected 350 gold pieces.
You spent 178 gold pieces at shops.

Inventory:

Hand Weapons
 a - a +0 short sword of venom (weapon)
 e - a +1 dagger of flaming
 D - the +5 hand axe "Wiofreg" {drain, rF+ Will- Int+5}
   (You found it on level 6 of the Dungeon)

   Int:       It affects your intelligence (+5).
   rF:        It protects you from fire.
   Will:      It decreases your willpower.
Missiles
 n - 4 poisoned darts (quivered)
 p - a throwing net
 B - 3 boomerangs
Armour
 b - a +0 buckler (worn)
 h - a +0 pair of boots (worn)
 k - a +1 robe of the Archmagi (worn)
 r - a scarf of repulsion
 v - the +1 robe "Kuepp" {rCorr}
   (You bought it in a shop on level 5 of the Dungeon)

   rCorr:     It protects you from acid and corrosion.
 E - a scarf of invisibility (worn)
Magical Staves
 s - a staff of conjuration
Jewellery
 q - a ring of ice
 t - a ring of see invisible (right hand)
 y - a ring of willpower (left hand)
Wands
 G - a wand of quicksilver (5)
Scrolls
 d - 3 scrolls of teleportation
 f - a scroll of vulnerability
 g - 3 scrolls of identify
 i - 2 scrolls of fog
 l - a scroll of brand weapon
 w - a scroll of fear {unknown}
 x - a scroll of enchant weapon {unknown}
 z - a scroll of amnesia {unknown}
 C - a scroll of summoning {unknown}
Potions
 c - 2 potions of invisibility
 j - 3 potions of flight
 m - 2 potions of might
 o - 2 potions of haste
 u - 2 potions of heal wounds
 A - 2 potions of mutation
 F - a potion of lignification


   Skills:
 + Level 4.0 Fighting
 + Level 4.8 Short Blades
 + Level 4.0 Long Blades
 + Level 4.0 Axes
 + Level 4.0 Maces & Flails
 + Level 4.0 Polearms
 + Level 4.0 Staves
 + Level 4.0 Ranged Weapons
 + Level 4.0 Throwing
 + Level 4.0 Armour
 + Level 6.1 Dodging
 + Level 7.3 Stealth
 + Level 4.0 Shields
 + Level 4.0 Unarmed Combat
 + Level 6.5 Spellcasting
 + Level 3.3 Conjurations
 + Level 6.4 Hexes
 + Level 3.3 Summonings
 + Level 3.3 Necromancy
 + Level 3.3 Translocations
 + Level 3.3 Transmutations
 + Level 3.3 Fire Magic
 + Level 3.3 Ice Magic
 + Level 3.3 Air Magic
 + Level 3.3 Earth Magic
 + Level 3.3 Poison Magic
 + Level 4.4 Invocations
 + Level 4.0 Evocations


You had 10 spell levels left.
You knew the following spells:

 Your Spells              Type           Power      Damage    Failure   Level
a - Confusing Touch       Hex            43%        N/A       3%          3
d - Dazzling Flash        Conj/Hex       70%        N/A       6%          3
e - Ensorcelled Hibernat  Hex/Ice        70%        N/A       3%          2
t - Tukima's Dance        Hex            43%        N/A       3%          3

Your spell library contained the following spells:

 Spells                   Type           Power      Damage    Failure   Level
 Apportation              Tloc           52%        N/A       3%          1
 Yara's Violent Unravell  Hex/Tmut       17%        3d8       47%         5
 Alistair's Intoxication  Tmut/Pois      17%        N/A       71%         5
 Enfeeble                 Hex            21%        N/A       100%        7


Dungeon Overview and Level Annotations

Branches:
Dungeon (7/15)             Temple (1/1) D:5

Altars:
Ashenzari
Cheibriados
Dithmenos
Fedhas
Kikubaaqudgha
Makhleb
Nemelex Xobeh
Okawaru
Qazlal
Ru
Sif Muna
Trog
Uskayaw
Vehumet
Wu Jian
Xom
Yredelemnul
The Shining One

Shops:
D:4 (   D:5 [=(*

Annotations:
D:7 1 transporter
Temple 2 transporters


Innate Abilities, Weirdness & Mutations

You have very sharp teeth.
Your uncanny sense of smell can sniff out nearby items.
Your experience applies equally to all skills.


Message History

The steam dragon barely misses you. You block the steam dragon's attack.
The steam dragon breathes steam at you. The ball of steam misses you.
You are too injured to fight recklessly!
The steam dragon completely misses you. The steam dragon closely misses you.
You closely miss the steam dragon.
The steam dragon is heavily wounded.
You feel much better.
You are engulfed in a cloud of scalding steam.
The steam dragon bites you but does no damage.
The steam dragon claws you.
You hit the steam dragon.
The steam dragon looks as sick as possible!
You bite the steam dragon, but do no damage.
The steam dragon is severely wounded.
The steam dragon barely misses you.
The steam dragon claws you but does no damage.
You closely miss the steam dragon.
The steam dragon is severely wounded.
The steam dragon bites you but does no damage.
The steam dragon claws you.
You hit the steam dragon but do no damage.
The steam dragon looks as sick as possible!
The steam dragon is severely wounded.
The steam dragon breathes steam at you. The ball of steam hits you!!
* * * LOW HITPOINT WARNING * * *
You block the steam dragon's attack. The steam dragon closely misses you.
You barely miss the steam dragon.
The steam dragon is severely wounded.
You are engulfed in a cloud of scalding steam.
* * * LOW HITPOINT WARNING * * *
The steam dragon misses you. You block the steam dragon's attack.
You barely miss the steam dragon.
The steam dragon is severely wounded.
You hit the steam dragon but do no damage.
The steam dragon looks as sick as possible!
The steam dragon is severely wounded.
The steam dragon bites you!
You die...

...... .. ...... ...
....# ...# ##...#
....# ##....
.....##...# .#..
.?.......# #..###
.......@.####.....
#.......D..##.... ..
###......#.##..# ..
..........).#.## #.
...............####.#
..####............#.#
. ####...#......#
...)#©..##.....###
##.##...###......###


You could see a steam dragon (extremely poisoned).

Vanquished Creatures
  Grinder (D:5)
  A water moccasin (D:6)
  A sky beast (D:6)
  2 black bears
  5 ogres
  2 scorpions
  A necrophage (D:6)
  A howler monkey (D:5)
  A hound (D:5)
  3 jellies
  A gnoll bouda (D:6)
  Jessica (D:2)
  An iguana (D:5)
  An orc wizard (D:4)
  8 gnolls
  8 adders
  2 white imps
  An ufetubus (D:5)
  2 worms
  5 orcs
  3 ball pythons
  13 endoplasms
  3 giant cockroaches (D:1)
  8 goblins
  5 hobgoblins
  4 jackals (D:2)
  A quokka (D:3)
  3 training dummies (D:4)
  9 bats
  5 frilled lizards
  9 kobolds
  7 rats
118 creatures vanquished.

Vanquished Creatures (collateral kills)
  An ogre (D:6)
1 creature vanquished.

Grand Total: 119 creatures vanquished

Notes
Turn   | Place    | Note
-------+----------+-------------------------------------------
     0 | D:1      | porpoise the Gnoll Enchanter began the quest for the Orb.
     0 | D:1      | Reached XP level 1. HP: 13/13 MP: 6/6
   132 | D:1      | Reached XP level 2. HP: 15/19 MP: 7/7
   402 | D:1      | Learned a level 2 spell: Ensorcelled Hibernation
   583 | D:1      | Reached skill level 5 in Spellcasting
   583 | D:1      | Reached XP level 3. HP: 25/25 MP: 3/9
   647 | D:1      | Learned a level 3 spell: Confusing Touch
   651 | D:1      | Learned a level 3 spell: Tukima's Dance
   728 | D:1      | Reached skill level 6 in Stealth
   937 | D:1      | Found a faded altar of an unknown god.
   958 | D:1      | Reached skill level 1 in Invocations
  1094 | D:2      | Noticed Jessica
  1099 | D:2      | Killed Jessica
  1100 | D:2      | Reached skill level 1 in Fighting
  1100 | D:2      | Reached skill level 1 in Long Blades
  1100 | D:2      | Reached skill level 1 in Axes
  1100 | D:2      | Reached skill level 1 in Maces & Flails
  1100 | D:2      | Reached skill level 1 in Polearms
  1100 | D:2      | Reached skill level 1 in Staves
  1100 | D:2      | Reached skill level 1 in Ranged Weapons
  1100 | D:2      | Reached skill level 1 in Throwing
  1100 | D:2      | Reached skill level 1 in Armour
  1100 | D:2      | Reached skill level 1 in Shields
  1100 | D:2      | Reached skill level 1 in Unarmed Combat
  1100 | D:2      | Reached skill level 1 in Evocations
  1100 | D:2      | Reached XP level 4. HP: 31/32 MP: 11/11
  1142 | D:2      | Found a sacrificial altar of Ru.
  1411 | D:2      | You fall into a shaft and drop 1 floor!
  1430 | D:3      | Reached skill level 1 in Conjurations
  1430 | D:3      | Reached skill level 1 in Summonings
  1430 | D:3      | Reached skill level 1 in Necromancy
  1430 | D:3      | Reached skill level 1 in Translocations
  1430 | D:3      | Reached skill level 1 in Transmutations
  1430 | D:3      | Reached skill level 1 in Fire Magic
  1430 | D:3      | Reached skill level 1 in Ice Magic
  1430 | D:3      | Reached skill level 1 in Air Magic
  1430 | D:3      | Reached skill level 1 in Earth Magic
  1430 | D:3      | Reached skill level 1 in Poison Magic
  2229 | D:2      | Reached XP level 5. HP: 31/37 MP: 9/12
  2633 | D:3      | Found a snail-covered altar of Cheibriados.
  2633 | D:3      | Found a bloodstained altar of Trog.
  2634 | D:3      | Found a hide-covered altar of Uskayaw.
  3220 | D:4      | Reached XP level 6. HP: 44/44 MP: 8/13
  3289 | D:4      | Found an ancient bone altar of Kikubaaqudgha.
  3374 | D:4      | Found Uluit's Firing Range.
  3501 | D:4      | Reached skill level 5 in Dodging
  3979 | D:5      | Entered Level 5 of the Dungeon
  4073 | D:5      | Found Uhecue's Armour Shoppe.
  4077 | D:5      | Found Hiafuoc's Antique Weapon Shoppe.
  4077 | D:5      | Found Mykicw's Jewellery Shoppe.
  4078 | D:5      | Found Oqakaovu's Assorted Antiques.
  4099 | D:5      | Bought an emerald potion for 21 gold pieces
  4099 | D:5      | Bought an ancient robe for 136 gold pieces
  4099 | D:5      | Identified the +1 robe "Kuepp" {rCorr} (You bought it in a
                  | shop on level 5 of the Dungeon)
  4099 | D:5      | Bought an emerald potion for 21 gold pieces
  4144 | D:5      | Found a staircase to the Ecumenical Temple.
  4195 | D:5      | Reached XP level 7. HP: 27/50 MP: 10/15
  4197 | Temple   | Entered the Ecumenical Temple
  4197 | Temple   | Found a transporter.
  4197 | Temple   | Found a transporter.
  4276 | Temple   | Found a transporter.
  4276 | Temple   | Found a transporter.
  4312 | Temple   | Became a worshipper of Dithmenos the Shadowed
  4687 | D:5      | Noticed Grinder
  4709 | D:5      | Killed Grinder
  4710 | D:5      | Reached XP level 8. HP: 58/58 MP: 14/16
  4886 | D:6      | Identified the +5 hand axe "Wiofreg" {drain, rF+ Will-
                  | Int+5}
  5369 | D:6      | Reached skill level 7 in Stealth
  5623 | D:6      | Learned a level 3 spell: Dazzling Flash
  5866 | D:6      | Reached XP level 9. HP: 46/65 MP: 1/18
  5981 | D:6      | Found a shimmering altar of Xom.
  6683 | D:7      | Found a transporter.
  6721 | D:7      | Slain by a steam dragon

Illustrated notes

Levels and vault maps discovered:
D:1:      erik_arrival_blinker_ship, layout_loops_corners,
          ebering_ecumenical_altar_petrified
D:2:      layout_loops_ring, basic_altar, uniq_jessica
D:3:      minmay_general_purpose_star, layout_loops_ring,
          nicolae_overflow_hidden_temple
D:4:      layout_basic, kiku_gazebo_pond_becter, nicolae_shop_firing_range
D:5:      layout_basic, minmay_temple_entry_mini_moons, minmay_shop_grid_forest,
          minivault_24, hangedman_decor_slide_cut, uniq_grinder
D:6:      layout_layer_cave, mainiacjoe_overflow_small_starburst, minmay_between
D:7:      layout_layer_cave, gammafunk_ghost_abyssal_escape, minmay_misc_feat_x
Temple:   hellmonk_temple_divided_pantheon

Skill      XL: |  1  2  3  4  5  6  7  8  9 |
---------------+----------------------------+-----
Spellcasting   | 5 6 |  6.5
Stealth        | 6 7 |  7.3
Invocations    | 1 2 3 4 |  4.4
Fighting       | 1 2 3 4 |  4.0
Long Blades    | 1 2 3 4 |  4.0
Axes           | 1 2 3 4 |  4.0
Maces & Flails | 1 2 3 4 |  4.0
Polearms       | 1 2 3 4 |  4.0
Staves         | 1 2 3 4 |  4.0
Ranged Weapons | 1 2 3 4 |  4.0
Throwing       | 1 2 3 4 |  4.0
Armour         | 1 2 3 4 |  4.0
Shields        | 1 2 3 4 |  4.0
Unarmed Combat | 1 2 3 4 |  4.0
Evocations     | 1 2 3 4 |  4.0
Conjurations   | 1 2 3 |  3.3
Summonings     | 1 2 3 |  3.3
Necromancy     | 1 2 3 |  3.3
Translocations | 1 2 3 |  3.3
Transmutations | 1 2 3 |  3.3
Fire Magic     | 1 2 3 |  3.3
Ice Magic      | 1 2 3 |  3.3
Air Magic      | 1 2 3 |  3.3
Earth Magic    | 1 2 3 |  3.3
Poison Magic   | 1 2 3 |  3.3
Short Blades   | 3 4 |  4.8
Dodging        | 5 6 |  6.1
Hexes          | 6 |  6.4

Action                     |  1- 3 |  4- 6 |  7- 9 || total
---------------------------+-------+-------+-------++-------
  Melee: Dagger            |    49 |       |       ||    49
         Bite              |     6 |    17 |    16 ||    39
         Short sword       |    22 |   155 |    88 ||   265
  Throw: Dart              |       |       |     2 ||     2
   Cast: Ensorcelled Hiber |     5 |    29 |    22 ||    56
         Confusing Touch   |       |     3 |     2 ||     5
         Tukima's Dance    |       |       |     5 ||     5
    Use: Scroll            |       |     6 |     5 ||    11
         Potion            |       |       |     1 ||     1
   Stab: Sleeping          |    16 |    29 |    16 ||    61
         Confused          |       |     3 |     4 ||     7
 Armour: Robe              |     8 |    22 |    11 ||    41
  Dodge: Dodged            |    32 |    74 |    51 ||   157
  Block: Buckler           |       |    21 |    12 ||    33

Table legend: (Time is in decaauts)
 A = Elapsed time spent in this place.
 B = Non-inter-level travel time spent in this place.
 C = Inter-level travel time spent in this place.
 D = Time resting spent in this place.
 E = Time spent auto-exploring this place.
 F = Levels seen in this place.
 G = Mean time per level.
                   A        B        C        D        E       F      G
               +--------+--------+--------+--------+--------+-----+--------+
         Total |   6679 |   6483 |    196 |   1153 |   4061 |   8 |  834.9 |
       Dungeon |   6529 |   6333 |    196 |   1153 |   3983 |   7 |  932.7 |
        Temple |    149 |    149 |      0 |      0 |     78 |   1 |  149.0 |
               +--------+--------+--------+--------+--------+-----+--------+

Top non-repeatable levels by time:
     D:6: 1621 daAuts
     D:3: 1123 daAuts
     D:1: 1085 daAuts
     D:2: 892 daAuts
     D:4: 888 daAuts
     D:5: 687 daAuts
     D:7: 231 daAuts
  Temple: 149 daAuts
